 Dungeon Sprint DCSS version 0.17-a0-1655-g88a8506 (webtiles) character file.

6253 Kidiri the Unseen (level 10, -2/44 HPs)
             Began as a Spriggan Enchanter on Aug 15, 2015.
             Was a High Priest of Dithmenos.
             Slain by a shadow wraith (6 damage)
             ... in the Dungeon (Sprint VII: "The Pits").
             The game lasted 00:07:21 (1161 turns).

Kidiri the Unseen (Spriggan Enchanter)              Turns: 1161, Time: 00:07:21

Health: -2/44      AC:  4    Str:  4    XL:     10   Next: 62%
Magic:  7/28       EV: 37    Int: 20    God:    Dithmenos [*****.]
Gold:   0          SH:  0    Dex: 20    Spells: 5 memorised, 24 levels left

rFire  . . .     SeeInvis +     a - +2 rapier (elec)
rCold  . . .     Clarity  .     b - +1 robe
rNeg   . . .     SustAt   .     (shield restricted)
rPois  .         Gourm    .     (helmet restricted)
rElec  .         Spirit   .     s - +0 cloak
rCorr  .         Warding  .     (gloves unavailable)
rMut   .         NoTele   +     (boots unavailable)
MR     +....                    (no amulet)
Stlth  ++++++++++               q - +3 ring of evasion
                                p - +3 ring of intelligence

@: slowed, wreathed by umbra, quick, somewhat resistant to hostile enchantments,
uncannily stealthy
A: unfitting armour, see invisible, herbivore 3, speed 3, slow metabolism 2
a: Shadow Step, Shadow Form, Renounce Religion


You were in the Dungeon.
You worshipped Dithmenos.
Dithmenos was extremely pleased with you.
You were not hungry.

You visited 1 branch

Inventory:

Hand weapons
 a - a +2 rapier of electrocution (weapon)
Armour
 b - a +1 robe (worn)
 s - a +0 cloak (worn)
Jewellery
 p - a +3 ring of intelligence (left hand)
 q - a +3 ring of evasion (right hand)
Scrolls
 j - a scroll of blinking
 m - 2 scrolls of remove curse
 n - 5 scrolls of amnesia
 o - a scroll of summoning
Potions
 c - 2 potions of might
 e - 7 potions of curing
 f - 13 potions of heal wounds
 g - 2 potions of haste
 h - 4 potions of magic
 i - 3 potions of berserk rage
 l - 2 potions of invisibility
 r - a potion of brilliance
Comestibles
 d - 8 bread rations
 k - 40 fruits


   Skills:
 + Level 9.1 Short Blades
 * Level 16.0 Dodging
 * Level 17.2 Stealth
 * Level 13.7 Spellcasting
 + Level 5.5 Conjurations
 + Level 10.5 Hexes
 + Level 6.5 Ice Magic
 - Level 2.6 Invocations


You had 24 spell levels left.
You knew the following spells:

 Your Spells              Type           Power        Failure   Level  Hunger
a - Corona                Hex            ######.      1%          1    None
b - Ensorcelled Hibernat  Hex/Ice        #####.       1%          2    None
c - Confuse               Hex            ######..     1%          3    None
d - Tukima's Dance        Hex            ######..     1%          3    None
e - Dazzling Spray        Conj/Hex       #####...     1%          3    None


Dungeon Overview and Level Annotations

Branches:
Dungeon (1/1)

Altars:
Ashenzari
Cheibriados
Dithmenos
Elyvilon
Fedhas
Gozag
Kikubaaqudgha
Makhleb
Nemelex Xobeh
Okawaru
Qazlal
Ru
Sif Muna
Trog
Vehumet
Xom
Yredelemnul
Zin
The Shining One
Beogh
Jiyva
Lugonu


Innate Abilities, Weirdness & Mutations

You are tiny and cannot use many weapons and most armour.
You have supernaturally acute eyesight.
You are a herbivore.
You cover ground extremely quickly.
You need consume almost no food.


Message History

Press: ? - help, Shift-Dir - straight line, f/p - shadow wraith
Aim: a shadow wraith (black smoke, slightly transparent, umbra, chance to defeat MR: 12%)
The shadow wraith resists with almost no effort.
Your shadow mimicks your spell!
The shadow wraith resists with almost no effort.
The shadow wraith barely misses you.
The shadow wraith completely misses you.
Casting: Confuse
Confirm with . or Enter, or press ? or * to list all spells.
Aiming: Confuse
Press: ? - help, Shift-Dir - straight line, f/p - shadow wraith
Aim: a shadow wraith (black smoke, slightly transparent, umbra, chance to defeat MR: 12%)
Okay, then.
Unknown command.
You barely miss the shadow wraith. The shadow wraith hits you!!
Ouch! That really hurt!
* * * LOW HITPOINT WARNING * * *
You emit a cloud of dark smoke.
The shadow wraith drains your vigour!
You feel as though you will be slow longer.
You die...

.......+ .......+ #......#
.......# ''###### ''###
############
....##..+...##.§§###
...##...#..##.§W§§§##
..##...##..#..§§@§§.##
..#...##...+..§§§§§..#
..'..##....###...§...##
.##..#.......###§.....#
##...+.........##.....#
#....#....####..##....#+
..#..##..##..##..'.....#+
.###..##.+.%%.+..#.....x#
##)##..#.##..##..#........#


You could see a shadow wraith (invisible) and a small abomination (confused).

Vanquished Creatures
  A hydra (D)
  A spriggan druid (D)
  A phantasmal warrior (D)
  A hill giant (D)
  A griffon (D)
  An elephant (D)
  Psyche (D)
  An orange demon (D)
  A komodo dragon (D)
  2 bog bodies (D)
  A trapdoor spider (D)
  A fire bat (D)
  A shadow (D)
  2 vampire mosquitoes (D)
  A hippogriff (D)
  3 deep elf fighters (D)
  Edmund (D)
  A porcupine (D)
  A warg (D)
  A mottled dragon (D)
  A soldier ant (D)
  An ice beast (D)
  A necrophage (D)
  A small abomination (D)
  A brain worm (D)
  A scorpion (D)
  Ijyb (D)
  3 worker ants (D)
  A gnoll (D)
  A river rat (D)
  2 giant eyeballs (D)
  A giant gecko (D)
  An orc (D)
  A giant cockroach (D)
  A quokka (D)
  A bat (D)
  A giant newt (D)
  2 jackals (D)
46 creatures vanquished.

Notes
Turn   | Place    | Note
--------------------------------------------------------------
     0 | D        | Kidiri the Spriggan Enchanter began the quest for the Orb.
     0 | D        | Reached XP level 1. HP: 9/9 MP: 5/5
    24 | D        | Found a sacrificial altar of Ru.
    24 | D        | Found a basalt altar of Yredelemnul.
    24 | D        | Found a shadowy altar of Dithmenos.
    24 | D        | Found a deep blue altar of Sif Muna.
    24 | D        | Found a burning altar of Makhleb.
    24 | D        | Found a shimmering altar of Xom.
    24 | D        | Found an ancient bone altar of Kikubaaqudgha.
    24 | D        | Found a sparkling altar of Nemelex Xobeh.
    25 | D        | Found a glowing golden altar of the Shining One.
    25 | D        | Found a bloodstained altar of Trog.
    25 | D        | Found a shattered altar of Ashenzari.
    25 | D        | Found a white marble altar of Elyvilon.
    25 | D        | Found a snail-covered altar of Cheibriados.
    25 | D        | Found a blossoming altar of Fedhas.
    25 | D        | Found a radiant altar of Vehumet.
    25 | D        | Found a glowing silver altar of Zin.
    25 | D        | Found a corrupted altar of Lugonu.
    25 | D        | Found a viscous altar of Jiyva.
    25 | D        | Found a roughly hewn altar of Beogh.
    25 | D        | Found an iron altar of Okawaru.
    28 | D        | Became a worshipper of Dithmenos the Shadowed
    32 | D        | Found a stormy altar of Qazlal.
    32 | D        | Found an opulent altar of Gozag.
    77 | D        | Noticed a worker ant
    79 | D        | Killed a worker ant
    79 | D        | Reached skill level 5 in Dodging
    79 | D        | Reached skill level 6 in Stealth
    79 | D        | Reached XP level 2. HP: 13/13 MP: 5/8
    85 | D        | Learned a level 2 spell: Ensorcelled Hibernation
   113 | D        | Reached XP level 3. HP: 16/16 MP: 10/10
   238 | D        | Learned a level 3 spell: Confuse
   242 | D        | Learned a level 3 spell: Tukima's Dance
   242 | D        | Noticed a worker ant
   249 | D        | Noticed a deep elf fighter
   250 | D        | Killed a worker ant
   250 | D        | Acquired Dithmenos's first power
   250 | D        | Reached skill level 7 in Stealth
   250 | D        | Reached skill level 5 in Spellcasting
   250 | D        | Reached skill level 1 in Ice Magic
   250 | D        | Reached skill level 1 in Invocations
   250 | D        | Reached XP level 4. HP: 21/21 MP: 3/12
   322 | D        | Killed a deep elf fighter
   322 | D        | Reached skill level 9 in Stealth
   322 | D        | Reached skill level 5 in Hexes
   322 | D        | Reached XP level 5. HP: 24/24 MP: 9/15
   330 | D        | Learned a level 3 spell: Dazzling Spray
   428 | D        | Noticed a warg
   428 | D        | Noticed a worker ant
   429 | D        | Noticed a porcupine
   430 | D        | Killed a worker ant
   430 | D        | Acquired Dithmenos's second power
   431 | D        | Noticed a deep elf fighter
   432 | D        | Killed a porcupine
   432 | D        | Reached skill level 10 in Stealth
   432 | D        | Reached skill level 1 in Conjurations
   432 | D        | Reached XP level 6. HP: 28/28 MP: 15/17
   434 | D        | Killed a deep elf fighter
   434 | D        | Reached skill level 5 in Short Blades
   434 | D        | Reached skill level 11 in Stealth
   438 | D        | Killed a warg
   438 | D        | Reached skill level 10 in Dodging
   438 | D        | Reached XP level 7. HP: 32/32 MP: 14/20
   441 | D        | Acquired Dithmenos's third power
   510 | D        | Noticed Edmund
   512 | D        | Killed Edmund
   512 | D        | Reached skill level 12 in Stealth
   614 | D        | Noticed Psyche
   616 | D        | Killed Psyche
   623 | D        | Noticed a deep elf fighter
   623 | D        | Noticed a scorpion
   623 | D        | Noticed a necrophage
   625 | D        | Killed a necrophage
   625 | D        | Acquired Dithmenos's fourth power
   625 | D        | Reached skill level 10 in Spellcasting
   625 | D        | Reached XP level 8. HP: 36/36 MP: 23/23
   627 | D        | Killed a scorpion
   627 | D        | Reached skill level 13 in Stealth
   630 | D        | Killed a deep elf fighter
   641 | D        | Noticed Ijyb
   641 | D        | Noticed a bog body
   643 | D        | Killed Ijyb
   645 | D        | Killed a bog body
   685 | D        | Noticed a trapdoor spider
   690 | D        | Killed a trapdoor spider
   769 | D        | Noticed a griffon
   770 | D        | Noticed a shadow
   772 | D        | Killed a shadow
   772 | D        | Reached skill level 14 in Stealth
   778 | D        | Killed a griffon
   778 | D        | Reached skill level 5 in Ice Magic
   778 | D        | Reached XP level 9. HP: 33/39 MP: 18/25
   827 | D        | Noticed a vampire mosquito
   827 | D        | Noticed a vampire mosquito
   833 | D        | Killed a vampire mosquito
   834 | D        | Killed a vampire mosquito
   904 | D        | Noticed a bog body
   904 | D        | Noticed an orange demon
   906 | D        | Killed a bog body
   906 | D        | Reached skill level 15 in Stealth
   907 | D        | Killed an orange demon
   913 | D        | Noticed a seven-headed hydra
   916 | D        | Killed a seven-headed hydra
   922 | D        | Noticed a hill giant
   922 | D        | Noticed a hippogriff
   924 | D        | Killed a hill giant
   924 | D        | Reached skill level 16 in Stealth
   924 | D        | Reached XP level 10. HP: 44/44 MP: 15/27
   926 | D        | Killed a hippogriff
   984 | D        | Noticed a brain worm
   985 | D        | Noticed a phantasmal warrior
   986 | D        | Killed a brain worm
   986 | D        | Reached skill level 5 in Conjurations
   987 | D        | Noticed a mottled dragon
   988 | D        | Killed a phantasmal warrior
   988 | D        | Reached skill level 15 in Dodging
   988 | D        | Reached skill level 10 in Hexes
   989 | D        | Noticed a small abomination
   990 | D        | Killed a mottled dragon
   991 | D        | Noticed an ice beast
   991 | D        | Noticed a fire bat
   992 | D        | Killed a small abomination
   994 | D        | Killed an ice beast
   996 | D        | Killed a fire bat
  1120 | D        | Noticed an elephant
  1122 | D        | Killed an elephant
  1146 | D        | Noticed a komodo dragon
  1147 | D        | Noticed a spriggan druid
  1147 | D        | Noticed a soldier ant
  1147 | D        | Noticed a small abomination
  1148 | D        | Killed a komodo dragon
  1148 | D        | Reached skill level 17 in Stealth
  1149 | D        | Noticed a shadow wraith
  1150 | D        | Killed a spriggan druid
  1151 | D        | Killed a soldier ant
  1161 | D        | Slain by a shadow wraith

Vault maps used:
D:        pitsprint

Action                   |  1- 3 |  4- 6 |  7- 9 | 10-12 || total
-------------------------+-------+-------+-------+-------++-------
Melee: Dagger            |    18 |    10 |    10 |       ||    38
       Rapier            |       |       |     9 |    13 ||    22
 Cast: Ensorcelled Hiber |     6 |     4 |     6 |     2 ||    18
       Confuse           |     1 |       |       |     3 ||     4
       Dazzling Spray    |       |       |     4 |     1 ||     5
Invok: Shadow Step       |       |       |     5 |     9 ||    14
  Use: Scroll            |       |       |     1 |       ||     1
       Potion            |       |       |       |     1 ||     1
 Stab: Sleeping          |     4 |     6 |    19 |    12 ||    41
